 Dungeon Crawl Stone Soup version 0.25-a0-161-gb7fd73da8f (webtiles) character file.

Game seed: 10601280078241018728, levelgen mode: deterministic

1055 Leeroy the Fighter (level 8, 0/77 (78) HPs)
             Began as a Pale Draconian Skald on Nov 21, 2019.
             Shot with an arrow by a centaur (14 damage)
             ... on level 6 of the Dungeon.
             The game lasted 00:08:02 (4155 turns).

Leeroy the Fighter (Pale Draconian Skald)           Turns: 4155, Time: 00:08:02

HP:   0/77 (78)     AC:  6    Str: 13    XL:     8   Next: 5%
MP:   11/11         EV: 12    Int: 15    God:
Gold: 237           SH:  0    Dex: 12    Spells: 5/11 levels left

rFire    . . .     SeeInvis +   r - +2 spear (venom)
rCold    . . .     Gourm    .   (no shield)
rNeg     . . .     Faith    .   (armour unavailable)
rPois    .         Spirit   .   (helmet restricted)
rElec    .         Reflect  .   (no cloak)
rCorr    .         Harm     .   (no gloves)
MR       .....                  (no boots)
Stlth    +.........             (no amulet)
HPRegen  0.22/turn              C - ring of see invisible
MPRegen  0.12/turn              (no ring)

@: short of breath
A: breathe steam, unfitting armour, cold-blooded, AC +6
a: Breathe Steam


You were on level 6 of the Dungeon.
You were hungry.

You visited 1 branch of the dungeon, and saw 6 of its levels.

You collected 237 gold pieces.

Inventory:

Hand Weapons
 a - a +0 falchion
 e - a +0 mace of protection
 r - a +2 spear of venom (weapon)
 t - a +0 dagger of protection
 u - a +0 whip
 v - a cursed -2 hand axe
 y - a +3 dagger of protection
 D - the +1 dagger "Grim" {holy, +Blink SInv}
   (You found it on level 5 of the Dungeon)

   It has been blessed by the Shining One to cause great damage to the undead
   and demons.
   It lets you see invisible.
   It lets you blink.
Missiles
 g - 20 poisoned darts (quivered)
 n - 8 javelins
 w - 5 boomerangs
Jewellery
 C - a ring of see invisible (left hand)
Scrolls
 i - 5 scrolls of teleportation
 j - a scroll of amnesia
 k - a scroll of noise {unknown}
 l - a scroll of enchant armour {unknown}
 p - a scroll of enchant weapon {unknown}
 s - 2 scrolls of remove curse
 z - a scroll of magic mapping {unknown}
Potions
 b - 4 potions of curing
 d - a potion of berserk rage
 h - a potion of haste
 m - a potion of might
 o - 4 potions of agility
 q - a potion of brilliance
 x - 2 potions of ambrosia
 A - a potion of lignification
 B - a potion of flight
Comestibles
 c - 8 rations


   Skills:
 + Level 9.0 Fighting
 - Level 5.2 Long Blades
 - Level 2.1 Dodging
 - Level 2.0 Spellcasting
 - Level 0.1 Hexes
 - Level 2.6 Charms


You had 5 spell levels left.
You knew the following spells:

 Your Spells              Type           Power        Failure   Level  Hunger
a - Infusion              Chrm           #...         8%          1    #......
b - Spectral Weapon       Hex/Chrm       #.......     36%         3    ###....
c - Shroud of Golubria    Chrm/Tloc      #.....       19%         2    ###....

Your spell library contained the following spells:

 Spells                   Type           Power        Failure   Level  Hunger
 Song of Slaying          Chrm           #.......     11%         2    ###....
 Animate Skeleton         Necr           N/A          22%         1    #......
 Pain                     Necr           #...         22%         1    #......
 Regeneration             Chrm/Necr      #.........   36%         3    ###....
 Vampiric Draining        Necr           #.........   54%         3    ###....
 Animate Dead             Necr           N/A          91%         4    #####..


Dungeon Overview and Level Annotations

Branches:
Dungeon (6/15)
 Temple: D:4-7

Altars:


Innate Abilities, Weirdness & Mutations

You can breathe blasts of scalding, opaque steam.
Your pale cyan-grey scales are hard. (AC +6)
You cannot fit into any form of body armour.
You are cold-blooded and may be slowed by cold attacks.


Message History

You start resting.
You feel yourself speed up.
You start resting.
You have got your breath back.
A centaur comes into view.
The centaur wields a +0 shortbow.
The centaur shoots an arrow.
The arrow hits you but does no damage.
A centaur is nearby!
A centaur is nearby!
You are too injured to fight recklessly!
Casting: Spectral Weapon (slightly dangerous; 36% risk of failure)
Confirm with . or Enter, or press ? or * to list all spells.
Okay, then.
The centaur shoots an arrow.
The arrow completely misses you.
You see here an arrow.
Press: ? - help, Shift-Dir - straight line You exhale a blast of scalding steam.
You feel somewhat more hungry.
The centaur shoots an arrow.
The arrow hits you but does no damage.
The centaur shoots an arrow.
The arrow hits you!
You die...

#################
#..........##.<.#
####..........##...#
##..................#
#######..##...........#...#
........###.........>##...#
###########..........######
###### ###..#......###
.....###......##@###
####...>...#####.#
######....## #.# ..#
##....# #.# #.###..##.##
###.######
#.##..###..###...c§...##
......#....#......§....#
##...<..................#
...............§.§......#


You could see a centaur.

Vanquished Creatures
  A phantom (D:4)
  A necrophage (D:5)
  2 ice beasts (D:6)
  An ogre (D:5)
  A scorpion (D:2)
  2 hounds (D:5)
  5 orc wizards
  2 orc priests (D:5)
  Jessica (D:2)
  A worker ant (D:5)
  2 hound zombies
  A hound skeleton (D:6)
  Robin (D:3)
  4 adders
  A shadow imp (D:6)
  An ooze (D:5)
  3 adder skeletons
  4 worms
  A dart slug (D:1)
  5 leopard geckos
  11 orcs
  A ball python (D:6)
  11 bats
  5 giant cockroaches
  17 goblins
  16 hobgoblins
  3 jackals (D:1)
  2 quokkas
  6 frilled lizards
  6 kobolds
  A quokka skeleton (D:6)
  A quokka zombie (D:5)
  11 rats
131 creatures vanquished.

Notes
Turn   | Place    | Note
-------+----------+-------------------------------------------
     0 | D:1      | Leeroy the Draconian Skald began the quest for the Orb.
     0 | D:1      | Reached XP level 1. HP: 17/17 MP: 3/3
    46 | D:1      | Reached XP level 2. HP: 23/24 MP: 5/5
   257 | D:1      | Reached XP level 3. HP: 27/29 MP: 6/6
   789 | D:2      | Learned a level 3 spell: Spectral Weapon
   792 | D:2      | Learned a level 2 spell: Shroud of Golubria
   819 | D:2      | Noticed a scorpion
   834 | D:2      | Killed a scorpion
   834 | D:2      | Reached XP level 4. HP: 35/36 MP: 1/7
  1033 | D:2      | Noticed Jessica
  1045 | D:2      | Killed Jessica
  1045 | D:2      | Reached skill level 5 in Long Blades
  1238 | D:2      | Reached XP level 5. HP: 16/41 MP: 4/8
  1566 | D:3      | Noticed Robin
  1590 | D:3      | Reached skill level 3 in Fighting
  1599 | D:3      | Killed Robin
  1672 | D:3      | Found a faded altar of an unknown god.
  2147 | D:4      | Noticed a phantom
  2180 | D:4      | Killed a phantom
  2180 | D:4      | Reached skill level 4 in Fighting
  2180 | D:4      | Reached XP level 6. HP: 15/55 MP: 3/9
  2195 | D:5      | Entered Level 5 of the Dungeon
  2633 | D:5      | Reached skill level 5 in Fighting
  2885 | D:5      | Reached skill level 6 in Fighting
  3036 | D:5      | Your scales start taking on a pale cyan-grey colour.
  3036 | D:5      | Reached XP level 7. HP: 56/63 MP: 10/10
  3159 | D:5      | Reached skill level 7 in Fighting
  3321 | D:5      | Got a transparent dagger
  3322 | D:5      | Identified the cursed +1 dagger "Grim" {holy, +Blink SInv}
                  | (You found it on level 5 of the Dungeon)
  3740 | D:6      | Reached skill level 8 in Fighting
  4137 | D:6      | Reached skill level 9 in Fighting
  4137 | D:6      | Reached XP level 8. HP: 10/77 MP: 11/11
  4155 | D:6      | Shot with an arrow by a centaur

Levels and vault maps discovered:
D:1:      minmay_arrival_loop, layout_basic
D:2:      layout_basic, kennysheep_jessica_study
D:3:      layout_basic, chequers_ecumenical_altar_simple_redux,
          kennysheep_path_1, minmay_misc_feat_plants, uniq_robin
D:4:      layout_basic, first_ration, uniq_eustachio, uniq_ijyb
D:5:      layout_basic, minmay_fountain_box
D:6:      layout_rooms, kennysheep_generic_room_6

Skill      XL: |  1  2  3  4  5  6  7 |
---------------+----------------------+-----
Long Blades    | 3 4 5 |  5.2
Fighting       | 4 6 9 |  9.0
Dodging        | |  2.1
Spellcasting   | |  2.0
Hexes          | |  0.1
Charms         | |  2.6

Action                   |  1- 3 |  4- 6 |  7- 9 || total
-------------------------+-------+-------+-------++-------
Melee: Falchion          |    93 |    38 |       ||   131
       Tailslap          |    14 |    16 |    23 ||    53
       Spear             |       |   186 |    98 ||   284
       Dagger            |       |       |    60 ||    60
 Cast: Shroud of Golubri |     1 |     2 |       ||     3
       Spectral Weapon   |       |     4 |     2 ||     6
 Abil: Breathe Steam     |       |       |     3 ||     3
  Use: Potion            |       |     1 |       ||     1
       Scroll            |       |       |    13 ||    13
 Stab: Sleeping          |       |     1 |       ||     1
  Eat: Chunk             |       |     8 |     4 ||    12
Armor: Skin              |    55 |    46 |    46 ||   147
Dodge: Dodged            |    75 |   121 |    54 ||   250
       Rpst.: Falchion   |    22 |     7 |       ||    29

Table legend:
 A = Non-vault XP
 B = Vault XP
 C = Vault XP percentage of total XP
 D = Non-vault monster count
 E = Vault monster count
 F = Vault count percentage of total count
                 A         B        C        D         E       F
            +---------+---------+-------+---------+---------+-------
      Total |    1431 |      77 |   5.1 |     117 |      14 |  10.7
            +---------+---------+-------+---------+---------+-------
        D:1 |      49 |       0 |   0.0 |      28 |       0 |   0.0
        D:2 |     113 |      39 |  25.7 |      19 |       2 |   9.5
        D:3 |      68 |      38 |  35.8 |      25 |      12 |  32.4
        D:4 |     141 |       0 |   0.0 |       3 |       0 |   0.0
        D:5 |     658 |       0 |   0.0 |      29 |       0 |   0.0
        D:6 |     402 |       0 |   0.0 |      13 |       0 |   0.0
            +---------+---------+-------+---------+---------+-------
